 Dungeon Crawl Stone Soup version 0.18-a0-1639-g7533f42 (webtiles) character file.

3347 ithil the Blocker (level 9, -1/79 HPs)
             Began as a Minotaur Fighter on Mar 27, 2016.
             Was an Initiate of Okawaru.
             Slain by a troll (8 damage)
             ... on level 8 of the Dungeon.
             The game lasted 00:24:39 (4958 turns).

ithil the Blocker (Minotaur Fighter)                Turns: 4958, Time: 00:24:40

Health: -1/79      AC: 12    Str: 23    XL:     9   Next: 72%
Magic:  8/8        EV: 10    Int:  6    God:    Okawaru [......]
Gold:   321        SH: 12    Dex: 15    Spells: 0 memorised, 8 levels left

rFire  . . .     SeeInvis .     E - +1 mace (holy)
rCold  . . .     Gourm    .     p - +0 chain mail
rNeg   . . .     Faith    .     c - +0 shield
rPois  .         Spirit   .     (helmet restricted)
rElec  .         Dismiss  .     q - +0 cloak
rCorr  .         Reflect  .     (no gloves)
SustAt .         Harm     .     (no boots)
MR     .....                    (no amulet)
Stlth  ..........               (no ring)
                                r - +5 ring of dexterity

@: exhausted, slowed, very slow, not resistant to hostile enchantments,
extremely unstealthy
A: retaliatory headbutt, horns 2, sense surroundings 1
a: Renounce Religion


You were on level 8 of the Dungeon.
You worshipped Okawaru.
Okawaru was noncommittal.
You were very hungry.

You visited 2 branches of the dungeon, and saw 9 of its levels.

You collected 321 gold pieces.

Inventory:

Hand Weapons
 t - a +2 whip of venom
 A - a +1 war axe
 B - a +0 dagger
 E - a +1 mace of holy wrath (weapon)
 G - a +1 falchion of draining
Armour
 c - a +0 shield (worn)
 p - a +0 chain mail (worn)
 q - a +0 cloak (worn)
 C - a +0 robe
 D - a +1 leather armour of cold resistance
Jewellery
 r - a +5 ring of dexterity (left hand)
Wands
 b - a wand of heal wounds (5/9)
 I - a wand of flame (24/48)
Scrolls
 e - 4 scrolls of magic mapping
 i - a scroll of fog {unknown}
 n - 8 scrolls of remove curse
 s - a scroll of random uselessness {unknown}
 v - a scroll of immolation {unknown}
 y - a scroll of enchant weapon {unknown}
 H - a scroll of vulnerability {unknown}
Potions
 f - a potion of brilliance {unknown}
 g - a potion of cancellation {unknown}
 l - 2 potions of curing
 o - 3 potions of flight
 u - a potion of mutation {unknown}
 x - a potion of heal wounds {unknown}
 z - a potion of haste
Comestibles
 d - 3 fruits
 h - 2 meat rations
 w - 2 bread rations
 F - a beef jerky


   Skills:
 + Level 7.2 Fighting
 + Level 8.2 Axes
 + Level 0.2(5.0) Maces & Flails
 + Level 8.1 Armour
 + Level 5.0 Dodging
 + Level 0.1 Stealth
 + Level 10.0 Shields


You had 8 spell levels left.
You didn't know any spells.

Dungeon Overview and Level Annotations

Branches:
Dungeon (8/15)             Temple (1/1) D:7
   Lair: D:8-11

Altars:
Ashenzari
Cheibriados
Dithmenos
Fedhas
Gozag
Kikubaaqudgha
Makhleb
Nemelex Xobeh
Okawaru
Pakellas
Ru
Sif Muna
Trog
Vehumet
Xom
Yredelemnul
Zin
The Shining One


Innate Abilities, Weirdness & Mutations

You reflexively headbutt those who attack you in melee.
You have a pair of horns on your head.
You passively map a small area around you.


Message History

You kill the kobold!
Okawaru accepts your kill.
You are too berserk!
You are feeling hungry.
You see here 10 gold pieces.
You feel a strong urge to attack something.
You are no longer berserk.
You are exhausted.
You feel yourself slow down.
You are feeling very hungry.
The big kobold hits you but does no damage.
The big kobold hits you but does no damage.
The big kobold hits you but does no damage.
The big kobold hits you.
* * * LOW HITPOINT WARNING * * *
You block the big kobold's attack.
The big kobold hits you but does no damage.
You block the troll's attack. The troll closely misses you.
The troll claws you!
You die...

* ≈ ≈ * , P.. , , , , ...
* * ,.... * ,, ..... *
*#########..... , , *
#......?...... , ,
#............. * *
#....K@.....# ##
#...KT......# .#
#...........# ,
.##########.K.........#.
,
......KK................
,
$##########.....<.....##
(##### #...........#
T....##########.......#**
,
.K.....)##...##.#####.##


You could see a troll, a big kobold and 2 kobolds.

Vanquished Creatures
  A deep elf mage (D:7)
  The ghost of dohliylev the Shield-Bearer, an amateur GrFi of Makhleb (D:4)
  3 hippogriffs
  Menkaure (D:7)
  The ghost of syage the Skirmisher, an amateur VSFi (D:3)
  5 sky beasts
  A necrophage (D:8)
  A black bear (D:6)
  A phantom (D:5)
  3 centaurs
  3 scorpions
  5 wights (D:6)
  A howler monkey (D:7)
  4 crimson imps
  A hound (D:3)
  A jelly (D:6)
  4 orc wizards
  A centaur skeleton (D:5)
  2 giant frog skeletons
  Jessica (D:3)
  Ijyb (D:2)
  An iguana (D:5)
  3 worker ants
  Robin (D:2)
  8 adders
  A howler monkey skeleton (D:5)
  A shadow imp (D:8)
  An ooze (D:3)
  An adder zombie (D:5)
  8 worms
  6 dart slugs
  8 giant geckos
  24 orcs
  6 bats
  3 giant cockroaches
  11 goblins
  6 hobgoblins
  14 jackals
  3 quokkas
  3 ball pythons
  2 giant gecko skeletons
  A giant gecko zombie (D:5)
  2 giant newts
  11 kobolds
  9 rats
176 creatures vanquished.

Notes
Turn   | Place    | Note
--------------------------------------------------------------
     0 | D:1      | ithil the Minotaur Fighter began the quest for the Orb.
     0 | D:1      | Reached XP level 1. HP: 19/19 MP: 0/0
   164 | D:1      | Reached XP level 2. HP: 25/27 MP: 1/1
   216 | D:1      | Reached skill level 4 in Shields
   593 | D:1      | Reached XP level 3. HP: 33/33 MP: 2/2
   710 | D:2      | Noticed Ijyb
   723 | D:2      | Killed Ijyb
   867 | D:2      | Noticed Robin
   881 | D:2      | Reached XP level 4. HP: 35/40 MP: 3/3
   893 | D:2      | Killed Robin
   967 | D:2      | Reached skill level 1 in Dodging
  1416 | D:3      | Noticed syage's ghost (amateur VSFi)
  1483 | D:3      | Noticed Jessica
  1489 | D:3      | Killed Jessica
  1489 | D:3      | Reached XP level 5. HP: 20/47 MP: 4/4
  1739 | D:3      | Found a shimmering altar of Xom.
  1791 | D:3      | Found a blossoming altar of Fedhas.
  1791 | D:3      | Found a shattered altar of Ashenzari.
  1810 | D:3      | Killed syage's ghost
  1810 | D:3      | Reached skill level 5 in Armour
  1810 | D:3      | Reached skill level 5 in Shields
  1810 | D:3      | Reached XP level 6. HP: 40/53 MP: 5/5
  2159 | D:4      | Noticed dohliylev's ghost (amateur GrFi)
  2176 | D:4      | Killed dohliylev's ghost
  2176 | D:4      | Reached skill level 5 in Fighting
  2176 | D:4      | Reached XP level 7. HP: 25/61 MP: 6/6
  2401 | D:5      | Entered Level 5 of the Dungeon
  2403 | D:5      | Noticed a hippogriff
  2415 | D:5      | Killed a hippogriff
  2415 | D:5      | Reached skill level 6 in Shields
  2613 | D:5      | Reached skill level 5 in Axes
  2863 | D:5      | Reached skill level 7 in Shields
  2863 | D:5      | Reached XP level 8. HP: 69/69 MP: 7/7
  3341 | D:6      | Reached skill level 8 in Shields
  3389 | D:6      | Gained mutation: You passively map a small area around you. [mutagenic meat]
  3530 | D:6      | Found an oddly glowing altar of Pakellas.
  3581 | D:6      | Reached XP level 9. HP: 58/78 MP: 8/8
  3894 | D:7      | Noticed Menkaure
  3910 | D:7      | Killed Menkaure
  4074 | D:7      | Reached skill level 9 in Shields
  4096 | D:7      | Noticed a deep elf mage
  4123 | D:7      | Killed a deep elf mage
  4321 | D:7      | Found a staircase to the Ecumenical Temple.
  4331 | Temple   | Entered the Ecumenical Temple
  4388 | Temple   | Became a worshipper of Warmaster Okawaru
  4898 | D:8      | Noticed a troll
  4933 | D:8      | Reached skill level 10 in Shields
  4936 | D:8      | Reached skill level 5 in Dodging
  4958 | D:8      | Slain by a troll

Vault maps used:
D:1:      dpeg_arrival_rhombus
D:2:      uniq_iyjb, uniq_robin
D:3:      overflow_temple_1_default, gammafunk_temple_overflow_wave,
          uniq_jessica
D:4:      first_bread
D:6:      grunt_pakellas_sulfur
D:7:      minmay_temple_entry_enclosed_plants, uniq_menkaure
D:8:      lemuel_castle_with_subvaults, lemuel_doored_altar
Temple:   eino_wide_crystal_templ_15

Skill      XL: |  1  2  3  4  5  6  7  8  9 |
---------------+----------------------------+-----
Shields        | 4 5 7 8 10 | 10.0
Armour         | 4 5 6 7 8 |  8.1
Fighting       | 4 5 6 7 |  7.2
Dodging        | 1 2 3 4 5 |  5.0
Axes           | 3 4 5 7 8 |  8.2
Maces & Flails | |  0.2
Stealth        | |  0.1

Action                   |  1- 3 |  4- 6 |  7- 9 || total
-------------------------+-------+-------+-------++-------
Melee: War axe           |    75 |   143 |   227 ||   445
       Mace              |       |       |    66 ||    66
  Use: Scroll            |       |     6 |     9 ||    15
       Potion            |       |     2 |     4 ||     6
  Eat: Chunk             |       |     1 |     5 ||     6
       Bread ration      |       |     1 |       ||     1
       Meat ration       |       |       |     1 ||     1
